 Dungeon Crawl Stone Soup version 0.29-a0-341-g24ffce5b50 (webtiles) character file.

Game seed: 13266457775051662843

12877 spaghetti the Nimble (level 11, -5/133 HPs)
             Began as a Deep Dwarf Summoner on Apr 20, 2022.
             Was a High Priest of the Shining One.
             Slain by a small abomination (9 damage)
             ... in a Gauntlet.
             The game lasted 00:43:44 (10566 turns).

spaghetti the Nimble (Deep Dwarf Summoner)         Turns: 10566, Time: 00:43:45

Health: -5/133     AC: 25    Str: 15    XL:     11   Next: 68%
Magic:  9/9 (0)    EV:  2    Int: 21    God:    the Shining One [*****.]
Gold:   201        SH:  4    Dex: 17    Spells: 4/14 levels left

rFire   + + .      SeeInvis .   H - +11 whip of Superiority {vorpal, rF+ Str+4, mace}
rCold   + + +      Faith    .   o - +0 buckler "Jaussy" {Contam rC++ Dex+4}
rNeg    + + .      Spirit   .   (body armour currently unavailable)
rPois   +          Reflect  .   (helmet currently unavailable)
rElec   .          Harm     .   (cloak currently unavailable)
rCorr   .          Rampage  .   (gloves currently unavailable)
Will    +....      NoTele   +   (boots currently unavailable)
Stlth   +.........              f - amulet of magic regeneration {@e2}
HPRegen 0.00/turn               M - ring of Nud Fiaz {rF+ rC+}
MPRegen 0.51/turn               P - ring of magical power

@: tree-form, glowing, studying Slings
A: stationary, stasis, torment immunity, boosted hp, damage resistance, heal
wounds, sense surroundings 2, no regeneration, (claws 1), robust 1, MP-powered
wands
a: Heal Wounds, Renounce Religion, Divine Shield, Cleansing Flame, Summon Divine
Warrior


You were in a Gauntlet.
You worshipped the Shining One.
The Shining One was extremely pleased with you.
You were a tree.
You visited 3 branches of the dungeon, and saw 12 of its levels.
You also visited: Gauntlet.

You collected 433 gold pieces.
You spent 232 gold pieces at shops.


Innate Abilities, Weirdness & Mutations

You are a tree.
Your roots penetrate the ground, keeping you stationary.
You cannot be teleported.
You are immune to unholy pain and torment.
Your maximum health is greatly increased.
Your equipment is partially melded.
You are resistant to damage.
You can heal yourself by infusing magical energy.
You passively map the area around you.
You do not regenerate.
((You have sharp fingernails.))
You are robust. (+10% HP)
You expend magic power (3 MP) to strengthen your wands.


   Skills:
 - Level 0.1 Fighting
 - Level 12.1 Dodging
 - Level 2.4 Stealth
 - Level 2.2 Spellcasting
 - Level 10.0 Summonings
 + Level 4.3 Transmutations
 - Level 6.0 Air Magic
 * Level 9.2 Earth Magic


You had 4 spell levels left.
You knew the following spells:

 Your Spells              Type           Power      Damage    Failure   Level
a - Summon Small Mammal   Summ           100%       N/A       1%          1
b - Call Imp              Summ           44%        N/A       1%          2
c - Call Canine Familiar  Summ           44%        N/A       1%          3
d - Summon Lightning Spi  Summ/Air       35%        N/A       8%          4

Your spell library contained the following spells:

 Spells                   Type           Power      Damage    Failure   Level
 Sandblast                Erth           82%        2d17      1%          1
 Passwall                 Tmut/Erth      25%        N/A       1%          2
 Summon Guardian Golem    Hex/Summ       23%        N/A       8%          3
 Stone Arrow              Conj/Erth      42%        3d9       9%          3
 Leda's Liquefaction      Hex/Erth       10%        N/A       30%         4
 Lee's Rapid Deconstruct  Erth           20%        3d13*     12%         5
 Statue Form              Tmut/Erth      20%        N/A       88%         6
 Fireball                 Conj/Fire      1%         3d3       99%         5
 Starburst                Conj/Fire      1%         6d3       100%        6
 Ignition                 Fire           1%         3d3       100%        8

Inventory:

Hand Weapons
 d - a +0 short sword {short}
   (You found it on level 1 of the Dungeon)
 h - a +2 whip of flaming {mace}
   (You took it off Pikel on level 4 of the Dungeon)
 r - a +1 dagger of freezing {short}
   (You took it off an orc wizard on level 4 of the Dungeon)
 v - a +0 short sword of venom {short}
   (You took it off an orc on level 7 of the Dungeon)
 z - a +1 broad axe of flaming {axe}
   (You took it off Maggie on level 7 of the Dungeon)
 H - the +11 whip of Superiority (weapon) {vorpal, rF+ Str+4, mace}
   (You bought it in a shop on level 7 of the Dungeon)

   It inflicts extra damage upon your enemies.
   Str:       It affects your strength (+4).
   rF:        It protects you from fire.
Missiles
 g - 326 stones {throwing}
 j - 34 poisoned darts {throwing}
 u - 6 boomerangs {throwing}
 E - 4 curare-tipped darts {=fthrowing}
 G - a throwing net {=f!fthrowing}
Armour
 a - a +0 robe
 i - a +0 helmet
   (You found it on level 2 of the Dungeon)
 k - a +0 pair of gloves (melded)
   (You found it on level 3 of the Dungeon)
 m - a +0 pair of boots (melded)
   (You found it on level 1 of the Dungeon)
 n - a +0 scale mail
   (You found it on level 2 of the Dungeon)
 o - the +0 buckler "Jaussy" (worn) {Contam rC++ Dex+4}
   (You acquired it on level 5 of the Dungeon)

   Dex:       It affects your dexterity (+4).
   rC:        It greatly protects you from cold.
   Contam:    It causes magical contamination when unequipped.
 A - a +2 hat (melded)
   (You found it on level 6 of the Dungeon)
 B - +0 swamp dragon scales (melded)
   (You took it off Maggie on level 7 of the Dungeon)
Magical Staves
 J - a staff of cold {!astaff}
   (You found it on level 9 of the Dungeon)
Jewellery
 e - the ring of Ineab {Fire rCorr}
   (You found it on level 2 of the Dungeon)

   [ring of fire]

   It enhances your fire magic.
   rF:        It protects you from fire.
   rC:        It makes you vulnerable to cold.
   rCorr:     It protects you from acid and corrosion.
 f - an amulet of magic regeneration (around neck) {@e2}
   (You found it on level 2 of the Dungeon)
 M - the ring of Nud Fiaz (left branch) {rF+ rC+}
   (You found it on level 9 of the Dungeon)

   [ring of protection from fire]

   rF:        It protects you from fire.
   rC:        It protects you from cold.
 P - a ring of magical power (right branch)
   (You found it on level 10 of the Dungeon)
Wands
 q - a wand of flame (15)
   (You found it on level 5 of the Dungeon)
Scrolls
 l - 3 scrolls of blinking {!r}
 s - 3 scrolls of teleportation {@r4}
 t - a scroll of amnesia
 w - 2 scrolls of immolation {!r!r}
 x - 2 scrolls of enchant weapon
 y - 2 scrolls of enchant armour
 F - a scroll of brand weapon
 K - a scroll of magic mapping {!r}
 N - a scroll of vulnerability {!r!r}
 Q - a scroll of silence {!r}
Potions
 c - 2 potions of degeneration {!q@e2}
 C - a potion of mutation {!q}
 D - a potion of invisibility
 I - a potion of flight
Miscellaneous
 p - a piece from Xom's chessboard (15/15)
   (You found it in a Gauntlet)

Dungeon Overview and Level Annotations

Branches:
Dungeon (10/15)            Temple (0/1) D:4            Lair (1/6) D:10
    Orc (1/2) D:10        Gauntlet (1/1)

Altars:
Dithmenos
Elyvilon
Fedhas
Kikubaaqudgha
Okawaru
Ru
Trog
Uskayaw
Yredelemnul
Zin
The Shining One

Shops:
D:7 =((

Annotations:
D:9 exclusion: obsidian statue Gauntlet 9 transporters, 1 runed translucent door

##≈...............≈##
#≈≈..8©8©8©8©8©8..≈≈#
*#≈...............≈# ### ###
################### ###
##≈###≈###.................###≈##
#≈≈≈#≈≈≈#...8⌠8..8∩8..8⌠8...#≈≈≈#
.................................
#################################
©8#.......#8©8##♣#.#.##8©8#©#...+
..#.⌠.#.#[#...#x#x#.#?#...#.#.###
..#..P.P..#...##x#.#.##...#...#..
.©#.8.©.#©#©.©#.#.#^#©#©.©#####.#
###.......######.#©#.######Y....#
..#.8.#.#.#...#.#.#.#.#...#Y#####
8.#.......#.8.##.#.#.##.8.#Y...!.
..#########...#########...#######
.................................


You could see 3 small abominations.


Message History

The large abomination hits you.
* * * LOW HITPOINT WARNING * * *
😨 HP[+24]
You regained 24 hp, and now have 41/87 hp.
Okay, then.
Okay, then.
You barely miss the large abomination. The small abomination hits you.
The large abomination barely misses you.
The small abomination barely misses you.
You hit the large abomination.
The small abomination barely misses you.
The large abomination closely misses you.
You hit the large abomination but do no damage.
The small abomination hits you.
* * * LOW HITPOINT WARNING * * *
The large abomination closely misses you.
The small abomination misses you. 😨 HP[-4]
You take 4 damage, and now have 37/87 hp.
Really quaff
b - a potion of lignification {!q}?
Really quaff the potion of lignification?
You turn into a tree.
Your +2 hat melds into your body.
Your +0 pair of gloves melds into your body.
Your +0 pair of boots melds into your body.
Your +0 swamp dragon scales melds into your body.
Your roots penetrate the ground.
The large abomination hits you!
* * * LOW HITPOINT WARNING * * *
The small abomination hits you!
* * * LOW HITPOINT WARNING * * *
The large abomination hits you!
* * * LOW HITPOINT WARNING * * *
😱 HP[-9]
You now have 130 max hp (+43).
Unknown command.
You feel much better. The small abomination hits you.
The small abomination hits you but does no damage.
The large abomination hits you!!
* * * LOW HITPOINT WARNING * * *
😱 HP[-2]
You take 2 damage, and now have 26/130 hp.
Unknown command.
Your magical essence is drained by the effort!
You feel much better.
The small abomination hits you but does no damage.
You block the large abomination's attack. 😨 HP[+23] MP[-1]
You regained 23 hp, and now have 49/130 hp.
You hit the large abomination.
The small abomination hits you but does no damage.
The large abomination hits you but does no damage.
You block the small abomination's attack.
You hit the large abomination.
The large abomination hits you but does no damage.
The small abomination hits you but does no damage.
Unknown command.
You whack the large abomination!
The small abomination hits you but does no damage.
The large abomination hits you but does no damage.
The small abomination hits you but does no damage.
The large abomination barely misses you.
You hit the large abomination but do no damage.
The small abomination hits you but does no damage.
The large abomination hits you!
* * * LOW HITPOINT WARNING * * *
😨 HP[-5]
You take 5 damage, and now have 44/130 hp.
You hit the large abomination but do no damage.
The small abomination hits you but does no damage.
The large abomination hits you but does no damage.
You block the small abomination's attack.
You hit the large abomination.
The small abomination hits you but does no damage.
The large abomination barely misses you.
The small abomination hits you. The large abomination hits you!!
* * * LOW HITPOINT WARNING * * *
😱 HP[-18]
You take 18 damage, and now have 26/130 hp.
You whack the large abomination!
You destroy the large abomination!
The Shining One accepts your kill.
You block the small abomination's attack.
Your life force feels restored.
Your Earth Magic skill increases to level 9!
You now have 133 max hp (+3).
You completely miss the small abomination.
The small abomination hits you but does no damage. x3
You hit the small abomination.
The small abomination barely misses you.
The small abomination hits you but does no damage.
You whack the small abomination!
The small abomination hits you but does no damage.
The small abomination hits you!
* * * LOW HITPOINT WARNING * * *
The small abomination hits you but does no damage. 😱 HP[-11]
You take 11 damage, and now have 15/133 hp.
You whack the small abomination! The small abomination hits you!
* * * LOW HITPOINT WARNING * * *
The small abomination hits you. The small abomination hits you!
You die...

Skill      XL: |  1  2  3  4  5  6  7  8  9 10 11 |
---------------+----------------------------------+-----
Summonings     | 4 5 7 10 | 10.0
Spellcasting   | 2 |  2.2
Dodging        | 3 5 6 9 12 | 12.1
Air Magic      | 4 6 |  6.0
Earth Magic    | 1 9 |  9.2
Transmutations | 4 |  4.3
Fighting       | |  0.1
Stealth        | |  2.4

Action                   |  1- 3 |  4- 6 |  7- 9 | 10-12 || total
-------------------------+-------+-------+-------+-------++-------
Melee: Unarmed           |    15 |       |       |       ||    15
       Short sword       |    47 |    29 |    20 |       ||    96
       Punch             |       |     1 |       |       ||     1
       Dagger            |       |    13 |    39 |       ||    52
       Whip              |       |       |    79 |   190 ||   269
Throw: Boomerang         |       |       |     1 |       ||     1
 Cast: Summon Small Mamm |    28 |    55 |    92 |    33 ||   208
       Call Imp          |     7 |       |       |       ||     7
       Call Canine Famil |     8 |    43 |    65 |    28 ||   144
       Summon Lightning  |       |       |     5 |    47 ||    52
 Abil: Heal Wounds       |       |       |     6 |    36 ||    42
Evoke: Wand              |       |       |     6 |     2 ||     8
  Use: Potion            |     3 |     4 |     9 |     4 ||    20
       Scroll            |     1 |     1 |     8 |     4 ||    14
 Stab: Sleeping          |     1 |       |       |       ||     1
       Distracted        |     1 |       |       |       ||     1
Armor: Robe              |    14 |    10 |    18 |       ||    42
       Skin              |       |       |    30 |    19 ||    49
       Swamp dragon scal |       |       |    12 |    69 ||    81
Dodge: Dodged            |    49 |    34 |   121 |   199 ||   403
Block: Buckler           |       |       |    19 |    65 ||    84

Levels and vault maps discovered:
D:1:      minmay_arrival_wavy_path, layout_basic
D:2:      layout_basic, basic_altar, hellmonk_ecumenical_altar_heavens_door,
          kennysheep_generic_room_2
D:3:      layout_rooms, nicolae_dithmenos_through_a_glass_darkly
D:4:      layout_loops_ring, old_standard_altar, minmay_temple_entry_mist,
          gup_ossuary_entry_pyramid, minmay_strange_pillars, kennysheep_doodads,
          minmay_manual_mail, uniq_pikel
D:5:      minmay_inner_zag, layout_basic
D:6:      layout_loops_cross, mainiacjoe_overflow_boulevard,
          mainiacjoe_overflow_cross_hatched, uniq_sigmund
D:7:      layout_rooms, nicolae_ru_path_of_blood, serial_shops,
          nicolae_square_shop, nicolae_shop_waterfront, shop, uniq_maggie
D:8:      layout_basic, enter_bailey_3, grunt_ogre_cave, uniq_gastronok
D:9:      layout_irregular_city, minmay_statue_bubble, uniq_joseph,
          uniq_maurice, uniq_erica
D:10:     layout_roguey, lemuel_mausoleum_altar_yredelemnul,
          okawaru_ov_weapons_minmay, nicolae_kikubaaqudgha_miasma_corner,
          trog_hazing_becter, david_lair_generic, orc_0_dummy
Lair:1:   layout_loops_ring, serial_bayou, serial_bayou_lagoon_a,
          serial_bayou_lagoon_b, serial_bayou_pond_d, serial_bayou_shore_b,
          gauntlet_entry_generic, chequers_serial_rivers_micro_c,
          serial_bayou_shore_b, serial_bayou_shore_b
Orc:1:    layout_caves, elf_legates
Gauntlet: gammafunk_gauntlet_77_escape_option [minmay_gauntlet_arena_77_mess,
          minmay_gauntlet_arena_77_museum, minmay_gauntlet_arena_77_checkered,
          minmay_gauntlet_arena_77_path, minmay_gauntlet_arena_77_hold_the_fort,
          gauntlet_exit_hidden_loot]

Notes
Turn   | Place    | Note
-------+----------+-------------------------------------------
     0 | D:1      | spaghetti the Deep Dwarf Summoner began the quest for the
                  | Orb.
     0 | D:1      | Reached XP level 1. HP: 15/15 MP: 3/3
     0 | D:1      | magus.rc [v1.9.6]
   118 | D:1      | Reached skill level 4 in Summonings
   172 | D:1      | Reached XP level 2. HP: 14/22 MP: 1/4
   272 | D:1      | Reached skill level 2 in Spellcasting
   500 | D:1      | Learned a level 2 spell: Call Imp
   798 | D:2      | Found a hide-covered altar of Uskayaw.
   803 | D:2      | Identified the ring of Ineab {Fire rCorr}
   981 | D:2      | Reached XP level 3. HP: 27/28 MP: 6/6
   985 | D:2      | Learned a level 3 spell: Call Canine Familiar
  1500 | D:2      | Found a faded altar of an unknown god.
  1609 | D:2      | You pick up a book of Fire and begin reading...
  1609 | D:2      | You add the spells Fireball, Starburst and Ignition to your
                  | library.
  1801 | D:2      | Prayed at the altar of an unknown god.
  1801 | D:2      | Became a worshipper of the Shining One
  1801 | D:2      | Reached * piety under the Shining One
  1859 | D:3      | Reached XP level 4. HP: 23/36 MP: 7/7
  1869 | D:3      | Reached skill level 5 in Summonings
  2224 | D:3      | Reached skill level 3 in Dodging
  2249 | D:3      | Reached XP level 5. HP: 24/42 MP: 6/8
  2533 | D:3      | Found a shadowy altar of Dithmenos.
  2744 | D:3      | Reached skill level 4 in Dodging
  2829 | D:4      | Noticed a lemure
  2834 | D:4      | Noticed a lemure
  2910 | D:4      | Was placed under penance by the Shining One
  3130 | D:4      | Found a white marble altar of Elyvilon.
  3237 | D:4      | Noticed a phantom
  3452 | D:4      | Found a staircase to the Ecumenical Temple.
  3488 | D:4      | Noticed an ogre
  3500 | D:4      | Killed an ogre
  3501 | D:4      | Reached skill level 5 in Dodging
  3501 | D:4      | Reached XP level 6. HP: 24/49 MP: 4/9
  3542 | D:4      | Reached skill level 6 in Dodging
  3640 | D:4      | Reached XP level 7. HP: 38/55 MP: 8/10
  3697 | D:4      | Noticed Pikel
  3713 | D:4      | HP: 10/55 [Pikel/+2 whip of flaming (8)]
  3720 | D:4      | Killed Pikel
  3721 | D:4      | Reached skill level 9 in Dodging
  3743 | D:4      | Reached XP level 8. HP: 30/62 MP: 11/11
  4151 | D:5      | Entered Level 5 of the Dungeon
  4454 | D:5      | Was forgiven by the Shining One
  4465 | D:5      | Reached skill level 10 in Dodging
  4633 | D:5      | Identified a scroll of acquirement
  4633 | D:5      | Acquired the +0 buckler "Jaussy" {Contam rC++ Dex+4}
  4713 | D:5      | Reached skill level 11 in Dodging
  4730 | D:5      | You pick up a book of Geomancy and begin reading...
  4730 | D:5      | You add the spells Sandblast, Passwall and Stone Arrow to
                  | your library.
  5457 | D:6      | Reached skill level 12 in Dodging
  5490 | D:6      | Gained mutation: You passively map the area around you.
                  | [Deep Dwarf growth]
  5490 | D:6      | Reached XP level 9. HP: 26/68 MP: 9/12
  5495 | D:6      | Learned a level 4 spell: Summon Lightning Spire
  5589 | D:6      | Reached skill level 1 in Air Magic
  5922 | D:6      | Found a glowing silver altar of Zin.
  5975 | D:6      | Noticed Sigmund
  5983 | D:6      | Killed Sigmund
  5984 | D:6      | Reached skill level 2 in Air Magic
  6007 | D:6      | Found a blossoming altar of Fedhas.
  6017 | D:6      | Reached skill level 6 in Summonings
  6259 | D:7      | Noticed Maggie
  6267 | D:7      | HP: 7/68 [Maggie/bolt of fire (16)]
  6285 | D:7      | Reached ** piety under the Shining One
  6287 | D:7      | Killed Maggie
  6288 | D:7      | Reached skill level 3 in Air Magic
  6350 | D:7      | Noticed a nameless horror
  6355 | D:7      | Noticed a nameless horror
  6358 | D:7      | Reached skill level 7 in Summonings
  6367 | D:7      | HP: 25/102 [nameless horror[miscasting Summon Lightning
                  | Spire] (3)]
  6375 | D:7      | Killed a nameless horror
  6377 | D:7      | Killed a nameless horror
  6388 | D:7      | HP: 18/102 [wight/+3 spear (5)]
  6448 | D:7      | HP: 11/65 [something (9)]
  6668 | D:7      | Found Aloegun's Antique Weapon Boutique.
  6673 | D:7      | Found Roopt's Weapon Shop.
  6676 | D:7      | Bought a crude whip for 232 gold pieces
  6676 | D:7      | Identified the +11 whip of Superiority {vorpal, rF+ Str+4}
                  | (You bought it in a shop on level 7 of the Dungeon)
  6772 | D:7      | Found Fogitoll's Jewellery Emporium.
  6869 | D:7      | Found a sacrificial altar of Ru.
  6929 | D:7      | Gained mutation: You expend magic power (3 MP) to
                  | strengthen your wands. [potion of mutation]
  6929 | D:7      | Gained mutation: You are robust. (+10% HP) [potion of
                  | mutation]
  6929 | D:7      | Gained mutation: You have sharp fingernails. [potion of
                  | mutation]
  6949 | D:8      | Reached skill level 4 in Air Magic
  6949 | D:8      | Reached XP level 10. HP: 52/82 MP: 5/10
  7210 | D:8      | Noticed Gastronok
  7211 | D:8      | Noticed a nameless horror
  7216 | D:8      | Killed a nameless horror
  7219 | D:8      | HP: 11/82 [Gastronok/the air (18)]
  7238 | D:8      | Found a flagged portal.
  7269 | D:8      | HP: 9/82 [Gastronok/the air (15)]
  7274 | D:8      | HP: 3/82 [Gastronok/the air (27)]
  7279 | D:8      | HP: 17/82 [Gastronok/the air (22)]
  7287 | D:8      | Killed Gastronok
  7288 | D:8      | Reached skill level 8 in Summonings
  7622 | D:8      | Reached skill level 9 in Summonings
  7630 | D:8      | Noticed a nameless horror
  7642 | D:8      | Killed a nameless horror
  7840 | D:8      | Reached *** piety under the Shining One
  7861 | D:8      | Reached skill level 5 in Air Magic
  8436 | D:9      | Noticed an obsidian statue
  8451 | D:9      | Noticed Joseph
  8471 | D:9      | HP: 12/82 [Joseph/sling bullet (16)]
  8487 | D:9      | Killed Joseph
  8552 | D:9      | Identified the ring of Nud Fiaz {rF+ rC+}
  8597 | D:9      | Reached skill level 10 in Summonings
  8624 | D:9      | You pick up a book of the Earth and begin reading...
  8624 | D:9      | You add the spells Leda's Liquefaction, Lee's Rapid
                  | Deconstruction and Statue Form to your library.
  8642 | D:9      | Reached skill level 6 in Air Magic
  8706 | D:9      | Reached skill level 1 in Earth Magic
  8773 | D:9      | Reached XP level 11. HP: 57/89 MP: 8/8
  8776 | D:9      | Reached skill level 2 in Earth Magic
  8848 | D:9      | Noticed Erica
  8855 | D:9      | Killed Erica
  8856 | D:9      | Reached skill level 1 in Transmutations
  8856 | D:9      | Reached skill level 3 in Earth Magic
  8961 | D:10     | Entered Level 10 of the Dungeon
  8965 | D:10     | Found a staircase to the Orcish Mines.
  9010 | D:10     | Reached skill level 4 in Earth Magic
  9088 | D:10     | Found an iron altar of Okawaru.
  9122 | D:10     | Found a staircase to the Lair.
  9134 | D:10     | Reached skill level 2 in Transmutations
  9146 | D:10     | Reached skill level 5 in Earth Magic
  9309 | D:10     | Found an ancient bone altar of Kikubaaqudgha.
  9354 | D:10     | Noticed a two-headed ogre
  9389 | D:10     | Killed a two-headed ogre
  9390 | D:10     | Reached skill level 6 in Earth Magic
  9524 | D:10     | Found a bloodstained altar of Trog.
  9572 | D:10     | Reached skill level 3 in Transmutations
  9587 | D:10     | Found a basalt altar of Yredelemnul.
  9595 | D:10     | Reached **** piety under the Shining One
  9599 | D:10     | Reached skill level 7 in Earth Magic
 10008 | Orc:1    | Entered Level 1 of the Orcish Mines
 10091 | Lair:1   | Entered Level 1 of the Lair of Beasts
 10091 | Lair:1   | Found a gate leading to a gauntlet.
 10104 | Gauntlet | Entered a Gauntlet
 10104 | Gauntlet | Found a transporter.
 10115 | Gauntlet | Found a transporter.
 10117 | Gauntlet | Found a transporter.
 10118 | Gauntlet | Found a transporter.
 10120 | Gauntlet | Noticed a soul eater
 10126 | Gauntlet | Found a transporter.
 10129 | Gauntlet | Found a transporter.
 10130 | Gauntlet | Found a transporter.
 10139 | Gauntlet | Found a transporter.
 10139 | Gauntlet | Noticed a large abomination
 10142 | Gauntlet | Found a transporter.
 10143 | Gauntlet | Found a transporter.
 10150 | Gauntlet | Found a runed translucent door.
 10153 | Gauntlet | Found a transporter.
 10156 | Gauntlet | Found a transporter.
 10157 | Gauntlet | Found a transporter.
 10158 | Gauntlet | Noticed a dire elephant
 10159 | Gauntlet | Noticed a glowing orange brain
 10165 | Gauntlet | Found a transporter.
 10165 | Gauntlet | Noticed a glowing orange brain
 10170 | Gauntlet | Noticed a purple ugly thing
 10174 | Gauntlet | Noticed a brown ugly thing
 10396 | Gauntlet | Reached skill level 8 in Earth Magic
 10451 | Gauntlet | HP: 19/85 [soul eater (18)]
 10460 | Gauntlet | HP: 12/83 [soul eater (13)]
 10486 | Gauntlet | HP: 16/80 [nameless horror[miscasting Summon Lightning
                  | Spire] (5)]
 10495 | Gauntlet | Killed a soul eater
 10496 | Gauntlet | Reached skill level 4 in Transmutations
 10507 | Gauntlet | HP: 11/86 [large abomination (27)]
 10512 | Gauntlet | HP: 12/86 [large abomination (26)]
 10531 | Gauntlet | Reached ***** piety under the Shining One
 10533 | Gauntlet | HP: 8/87 [large abomination (21)]
 10541 | Gauntlet | HP: 17/87 [large abomination (31)]
 10547 | Gauntlet | HP: 16/87 [large abomination (14)]
 10553 | Gauntlet | HP: 28/130 [large abomination (13)]
 10561 | Gauntlet | HP: 26/130 [large abomination (18)]
 10562 | Gauntlet | Killed a large abomination
 10563 | Gauntlet | Reached skill level 9 in Earth Magic
 10566 | Gauntlet | HP: 4/133 [small abomination (11)]
 10566 | Gauntlet | Slain by a small abomination

Vanquished Creatures
  Erica (D:9)
  A soul eater (Gauntlet)
  A large abomination (Gauntlet)
  2 centaur zombies (D:10)
  An unseen horror (D:10)
  A raiju (Gauntlet)
  7 nameless horrors
  A meliai zombie (D:10)
  A vampire (D:9)
  A wyvern (D:10)
  A steam dragon (D:8)
  A sky beast (D:5)
  A black bear (D:6)
  An ogre (D:8)
  2 centaurs
  A small abomination (Gauntlet)
  A phantom (D:4)
  A lemure (D:4)
  A kobold brigand (D:7)
  4 wights (D:7)
  A hound (D:6)
  An orc priest (Orc:1)
  3 orc wizards
  3 mummies
  A howler monkey zombie (D:10)
  4 adders
  2 shadow imps (Gauntlet)
  An ufetubus (D:7)
  5 orcs
  A ball python (D:1)
  An endoplasm (D:1)
  5 goblins
  4 hobgoblins
  2 jackals (D:5)
  7 kobolds
  A quokka (D:4)
73 creatures vanquished.

Vanquished Creatures (collateral kills)
  Gastronok (D:8)
  A two-headed ogre (D:10)
  Pikel (D:4)
  Joseph (D:9)
  A centaur zombie (D:10)
  Maggie (D:7)
  A komodo dragon (D:8)
  Sigmund (D:6)
  A wyvern (D:8)
  A shadow (D:8)
  5 yaks
  2 steam dragons (Gauntlet)
  2 basilisks (D:10)
  A water moccasin (D:8)
  4 orc warriors
  An ice beast (D:6)
  A sky beast (D:7)
  6 ogres
  A black bear (D:5)
  2 lemures (D:4)
  2 centaurs
  A phantom (D:5)
  4 kobold brigands
  A nameless horror (Gauntlet)
  3 necrophages
  A bullfrog (D:4)
  2 scorpions
  9 wights
  4 howler monkeys
  A human zombie (D:10)
  A jelly (D:6)
  7 orc priests
  A hound (D:5)
  An iguana (D:5)
  9 orc wizards
  2 mummies (D:10)
  5 adders
  2 white imps
  2 ufetubi
  A worm (D:2)
  4 dart slugs
  25 orcs
  2 bats
  5 endoplasms
  2 giant cockroaches
  7 goblins
  14 hobgoblins
  4 jackals
  3 quokkas
  6 ball pythons
  A frilled lizard (D:2)
  28 kobolds
  3 rats
198 creatures vanquished.

Vanquished Creatures (others)
  2 withered plants (Gauntlet)
2 creatures vanquished.

Grand Total: 273 creatures vanquished

Table legend:
 A = Non-vault XP
 B = Vault XP
 C = Vault XP percentage of total XP
 D = Non-vault monster count
 E = Vault monster count
 F = Vault count percentage of total count
                 A         B        C        D         E       F
            +---------+---------+-------+---------+---------+-------
      Total |    8434 |    9962 |  54.2 |     204 |      56 |  21.5
            +---------+---------+-------+---------+---------+-------
        D:1 |      33 |       0 |   0.0 |      16 |       0 |   0.0
        D:2 |      32 |      16 |  33.3 |      17 |       2 |  10.5
        D:3 |     177 |       0 |   0.0 |      28 |       0 |   0.0
        D:4 |     243 |     953 |  79.7 |      22 |       9 |  29.0
        D:5 |     691 |     466 |  40.3 |      18 |       5 |  21.7
        D:6 |     959 |     214 |  18.2 |      15 |       1 |   6.2
        D:7 |    1088 |     428 |  28.2 |      22 |       1 |   4.3
        D:8 |    1895 |    1688 |  47.1 |      30 |       6 |  16.7
        D:9 |    1745 |    1315 |  43.0 |      24 |       2 |   7.7
       D:10 |    1330 |    2678 |  66.8 |       6 |      22 |  78.6
      Orc:1 |     241 |       0 |   0.0 |       6 |       0 |   0.0
   Gauntlet |       0 |    2204 | 100.0 |       0 |       8 | 100.0
            +---------+---------+-------+---------+---------+-------

Illustrated notes

Table legend:
 A = Kills in this place as a percentage of kills in entire the game.
 B = Kills by you in this place as a percentage of kills by you in the entire game.
 C = Kills by friends in this place as a percentage of kills by friends in the entire game.
 D = Other kills in this place as a percentage of other kills in the entire game.
 E = Experience gained in this place as a percentage of experience gained in the entire game.
 F = Experience gained in this place divided by the number of levels of this place that you have seen.
                   A       B       C       D       E      F
               +-------+-------+-------+-------+-------+----------------------
         Total | 100.0 | 100.0 | 100.0 |   N/A | 100.0 | 1415.1
       Dungeon |  94.6 |  87.7 |  96.9 |   N/A |  86.7 | 1595.1
  Orcish Mines |   2.3 |   3.1 |   2.1 |   N/A |   1.3 | 241.0
      Gauntlet |   3.1 |   9.2 |   1.0 |   N/A |  12.0 | 2204.0
               +-------+-------+-------+-------+-------+----------------------

Table legend: (Time is in decaauts)
 A = Elapsed time spent in this place.
 B = Non-inter-level travel time spent in this place.
 C = Inter-level travel time spent in this place.
 D = Time resting spent in this place.
 E = Time spent auto-exploring this place.
 F = Levels seen in this place.
 G = Mean time per level.
                   A        B        C        D        E       F      G
               +--------+--------+--------+--------+--------+-----+--------+
         Total |  10656 |  10026 |    630 |    805 |   6185 |  13 |  819.7 |
       Dungeon |  10160 |   9531 |    629 |    788 |   6040 |  10 | 1016.0 |
          Lair |     12 |     12 |      0 |      0 |      6 |   1 |   12.0 |
  Orcish Mines |      9 |      9 |      0 |      0 |      0 |   1 |    9.0 |
      Gauntlet |    474 |    474 |      0 |     17 |    139 |   1 |  474.0 |
               +--------+--------+--------+--------+--------+-----+--------+

Top non-repeatable levels by time:
     D:4: 1304 daAuts
     D:8: 1220 daAuts
     D:5: 1183 daAuts
     D:2: 1177 daAuts
    D:10: 1130 daAuts
     D:6: 908 daAuts
     D:3: 866 daAuts
     D:9: 852 daAuts
     D:1: 812 daAuts
     D:7: 704 daAuts
Gauntlet: 474 daAuts
  Lair:1: 12 daAuts
   Orc:1: 9 daAuts
